 Dungeon Crawl Stone Soup version 0.29-a0-911-g88e6f02907 (webtiles) character file.

Game seed: 8074029258426880629

164714 quixfox the Earth Mage (level 17, 0/108 HPs)
             Began as a Gargoyle Earth Elementalist on July 25, 2022.
             Was the Champion of Vehumet.
             Slain by a deep troll simulacrum (5 damage)
             ... on level 4 of the Swamp on July 26, 2022.
             The game lasted 02:30:27 (46585 turns).

quixfox the Earth Mage (GrEE)                      Turns: 46585, Time: 02:30:28

Health: 0/108      AC: 42    Str: 11    XL:     17   Next: 86%
Magic:  33/42      EV:  9    Int: 25    God:    Vehumet [******]
Gold:   1730       SH: 12    Dex: 13    Spells: 6/40 levels left

rFire   . . .      SeeInvis .   h - staff of conjuration
rCold   . . .      Faith    .   W - +1 buckler {AC+3}
rNeg    + + .      Spirit   .   R - +1 pearl dragon scales
rPois   ∞          Reflect  +   I - +1 helmet
rElec   +          Harm     .   n - +2 cloak
rCorr   .          Rampage  .   D - +2 pair of gloves {Dex+3}
Will    +....                   (no boots)
Stlth   ..........              B - amulet of reflection
HPRegen 0.28/turn               s - ring of wizardry
MPRegen 0.28/turn               t - ring of magical power

@: flying
A: sickness immunity, AC +12, big wings, negative energy resistance 1,
electricity resistance, torment resistance 1, petrification resistance
a: Renounce Religion


You were on level 4 of the Swamp.
You worshipped Vehumet.
Vehumet was exalted by your worship.
You visited 4 branches of the dungeon, and saw 26 of its levels.
You visited the Abyss 1 time.
You also visited: Volcano.

You collected 4214 gold pieces.
You spent 2484 gold pieces at shops.

Inventory:

Hand Weapons
 O - a +2 demon whip of flaming
Missiles
 b - 2 throwing nets
Armour
 n - a +2 cloak (worn)
 D - a +2 pair of gloves of dexterity (worn)
 I - a +1 helmet (worn)
 R - +1 pearl dragon scales (worn)
 W - a +1 buckler of protection (worn)
Magical Staves
 h - a staff of conjuration (weapon)
Jewellery
 a - a ring of willpower
 f - a ring of fire
 s - a ring of wizardry (left hand)
 t - a ring of magical power (right hand)
 v - a ring of ice
 w - a +4 ring of protection
 B - an amulet of reflection (around neck)
 H - the ring "Hiasseis" {Str+4 Dex+6}
   (You took it off a tengu conjurer on level 11 of the Dungeon)

   [ring of dexterity]

   Str:       It affects your strength (+4).
   Dex:       It affects your dexterity (+6).
 L - a ring of protection from fire
Wands
 c - a wand of light (24)
 y - a wand of paralysis (14)
 F - a wand of flame (56)
 G - a wand of mindburst (28)
 J - a wand of roots (8)
 T - a wand of digging (16)
Scrolls
 g - 3 scrolls of poison
 l - 4 scrolls of fear
 o - 7 scrolls of teleportation
 p - a scroll of magic mapping
 r - 3 scrolls of silence
 C - 3 scrolls of brand weapon
 E - 6 scrolls of enchant weapon
 P - 5 scrolls of blinking
 Q - a scroll of summoning
 S - a scroll of butterflies
 U - 2 scrolls of amnesia
Potions
 d - 5 potions of mutation
 e - a potion of resistance
 i - 2 potions of ambrosia
 j - 6 potions of brilliance
 k - 3 potions of invisibility
 m - 3 potions of haste
 q - 6 potions of berserk rage
 x - 13 potions of curing
 z - 2 potions of cancellation
 A - 5 potions of lignification
 K - 7 potions of might
 N - 5 potions of heal wounds
Miscellaneous
 u - a box of beasts
 M - a phantom mirror


   Skills:
 + Level 13.0 Fighting
 - Level 6.3 Staves
 * Level 12.8 Armour
 - Level 2.0 Dodging
 - Level 2.1 Stealth
 - Level 8.0 Shields
 - Level 12.2 Spellcasting
 + Level 14.5 Conjurations
 - Level 2.0 Necromancy
 - Level 0.7 Transmutations
 - Level 10.5 Fire Magic
 + Level 16.3 Earth Magic
 - Level 5.6 Evocations


You had 6 spell levels left.
You knew the following spells:

 Your Spells              Type           Power      Damage    Failure   Level
a - Sandblast             Erth           100%       2d20      1%          1
b - Passwall              Tmut/Erth      45%        N/A       1%          2
c - Stone Arrow           Conj/Erth      100%       3d13      1%          3
d - Sticky Flame          Conj/Fire      86%        2d10      1%          4
e - Lehudib's Crystal Sp  Conj/Erth      47%        10d11     28%         8
f - Iron Shot             Conj/Erth      47%        9d9       1%          6
g - Lee's Rapid Deconstr  Erth           38%        3d20*     1%          5
h - Borgnjor's Vile Clut  Necr/Erth      28%        N/A       6%          5

Your spell library contained the following spells:

 Spells                   Type           Power      Damage    Failure   Level
 Lightning Bolt           Conj/Air       33%        1d51      4%          5
 Magic Dart               Conj           100%       1d8       1%          1
 Shock                    Conj/Air       100%       1d9       1%          1
 Conjure Flame            Conj/Fire      86%        6-21      1%          3
 Dazzling Flash           Conj/Hex       100%       N/A       1%          3
 Ignite Poison            Fire/Tmut/Pois 34%        N/A       1%          3
 Hailstorm                Conj/Ice       67%        3d14      1%          4
 Iskenderun's Mystic Bla  Conj/Tloc      67%        2d14      1%          4
 Iskenderun's Battlesphe  Conj           93%        2d14      1%          5
 Petrify                  Tmut/Erth      55%        N/A       2%          4
 Starburst                Conj/Fire      43%        6d12      2%          6
 Freeze                   Ice            60%        1d8       3%          1
 Poisonous Vapours        Pois/Air       30%        N/A       4%          2
 Frozen Ramparts          Ice            30%        1d5       9%          3
 Wereblood                Tmut           18%        N/A       11%         2
 Blink                    Tloc           30%        N/A       16%         2
 Ensorcelled Hibernation  Hex/Ice        30%        N/A       16%         2
 Airstrike                Air            7%         0-4+      24%         4
 Spider Form              Tmut/Pois      17%        N/A       26%         3
 Lesser Beckoning         Tloc           15%        N/A       28%         3
 Ozocubu's Armour         Ice            15%        N/A       28%         3
 Swiftness                Air            15%        N/A       28%         3
 Animate Dead             Necr           25%        N/A       38%         4
 Anguish                  Hex/Necr       10%        N/A       52%         4
 Corpse Rot               Necr/Pois/Air  18%        N/A       56%         4
 Agony                    Necr           25%        N/A       71%         5
 Manifold Assault         Tloc           15%        N/A       92%         5
 Metabolic Englaciation   Hex/Ice        7%         N/A       92%         5
 Silence                  Hex/Air        7%         N/A       92%         5
 Death Channel            Necr           12%        N/A       99%         6
 Simulacrum               Ice/Necr       10%        N/A       100%        6
 Spellforged Servitor     Conj/Summ      33%        N/A       65%         7
 Haunt                    Necr/Summ      10%        N/A       100%        7
 Summon Hydra             Summ           7%         N/A       100%        7
 Infestation              Necr           12%        N/A       100%        8
 Sublimation of Blood     Necr           Unusable   N/A       N/A         2

Dungeon Overview and Level Annotations

Branches:
Dungeon (15/15)            Temple (0/1) D:6            Lair (5/5) D:11
  Swamp (4/4) Lair:3       Spider (0/4) Lair:3        Slime (0/5) Lair:4
    Orc (2/2) D:10            Elf (0/3) Orc:2        Vaults (0/5) D:13
 Depths (0/4) D:15        Volcano (visited)

Altars:
Ashenzari
Fedhas
Hepliaklqana
Kikubaaqudgha
Trog
Uskayaw
Vehumet
Wu Jian
Xom

Shops:
D:1 [   D:3 *   D:6 **[   Orc:2 [([:

Portals:
Ice
Cave: Swamp:4

Annotations:
D:4 1 runed translucent door, 2 transporters, Crazy Yiuf; porpoise's ghost, weakling DsDe
D:10 4 runed translucent doors
D:12 1 runed translucent door, IndoAryan's ghost, journeyman HuBe
Lair:2 2 runed translucent doors, Heh's ghost, journeyman MiGl
Swamp:4 Aizul


Innate Abilities, Weirdness & Mutations

You are immune to sickness and miasma.
Your stone body is resilient. (AC +12)
You are immune to poison.
Your large and strong wings let you fly.
You resist negative energy. (rN+)
You are resistant to electric shocks. (rElec)
You are resistant to unholy torment.
You are immune to petrification.


Message History

Aizul says, "Fancy a snooze?"
The harpy simulacrum closely misses you. x2
The spriggan defender simulacrum hits you but does no damage.
The harpy simulacrum barely misses you.
You block the harpy simulacrum's attack.
The spriggan defender simulacrum hits you but does no damage.
The deep troll simulacrum bites you. The deep troll simulacrum freezes you!
The deep troll simulacrum claws you but does no damage. x2
The harpy simulacrum barely misses you.
The harpy simulacrum completely misses you.
The alligator puts on a burst of speed!
Casting: Sandblast (safe; 1% risk of failure)
Confirm with . or Enter, or press ? or * to list all spells.
Aiming: Sandblast (safe; 1% risk of failure)
Press: ? - help, Shift-Dir - straight line, f/p - deep troll simulacrum
Aim: a deep troll simulacrum (moderately damaged, 94% to hit)
The blast of sand hits the deep troll simulacrum but does no damage.
The deep troll simulacrum is moderately damaged.
The harpy simulacrum claws you but does no damage. x2
You block the harpy simulacrum's attack.
The harpy simulacrum claws you but does no damage.
The spriggan defender simulacrum hits you but does no damage.
You block the harpy simulacrum's attack.
The harpy simulacrum claws you. The harpy simulacrum freezes you!
The spriggan defender simulacrum barely misses you.
Aizul hits you but does no damage.
The deep troll simulacrum bites you but does no damage.
The deep troll simulacrum claws you but does no damage. x2
The harpy simulacrum claws you but does no damage.
The harpy simulacrum closely misses you.
The alligator bites you.
The alligator tail-slaps you but does no damage.
The spriggan defender simulacrum hits you but does no damage.
Aizul hits you! The deep troll simulacrum bites you!
* * * LOW HITPOINT WARNING * * *
The deep troll simulacrum freezes you!!
* * * LOW HITPOINT WARNING * * *
The deep troll simulacrum claws you but does no damage.
The deep troll simulacrum claws you.
You die...

*** *♣≈♣♣ ♣♣♣♣♣♣♣≈..♣ ♣♣♣
♣........♣♣** ..♣♣
♣♣.....≈≈..≈,** ≈..♣
****♣♣♣...∩...≈.♣*,,*
≈≈≈♣***,,.♣....ZZ...≈.♣.,**
.♣♣**≈,≈≈..≈≈..ZZZZ≈..§≈,≈*
≈.♣*,,,,,..≈≈≈.Z@tZ§≈$≈.,**
..♣*,,≈,≈..≈≈≈..St.≈≈!♣.,*
≈.≈..≈≈,,§≈≈≈≈.......≈♣***
≈§..≈≈≈≈,.≈≈§≈..≈≈≈≈≈♣♣
≈≈§≈..≈≈*♣.≈≈≈≈≈≈≈≈≈≈^♣
≈≈..♣♣***♣♣♣≈.≈≈≈≈≈≈.♣♣**
≈.≈♣♣ *,,.≈§..≈≈..≈.,,**
≈≈♣♣******.≈≈≈$§≈≈≈.♣≈.,,**
,,≈*≈≈*≈≈≈,≈≈≈,*,≈≈,**,≈≈≈*


You could see Aizul, 2 alligators, an alligator simulacrum, 2 harpy simulacra, a
spriggan defender simulacrum, 3 deep troll simulacra and an entropy weaver
simulacrum.

Vanquished Creatures
  An ancient lich (Abyss:3)
  Jorgrun (D:14)
  A tentacled monstrosity (Swamp:3)
  Frances (D:13)
  Agnes (D:15)
  A thorn hunter (Swamp:3)
  A balrug (Abyss:3)
  4 orc warlords
  2 bunyips (Swamp:2)
  4 eleionomae
  Snorg (Orc:1)
  A green death (Abyss:3)
  2 fire dragons
  Josephine (D:14)
  A shambling mangrove (Swamp:1)
  15 hydras
  3 boulder beetles
  An ice dragon (D:15)
  2 ogre magi
  A centaur warrior (D:14)
  A spriggan air mage (Swamp:2)
  Erica (Lair:2)
  2 death knights
  8 two-headed ogres
  5 alligators
  3 tengu warriors
  3 thrashing horrors
  3 orc high priests (Orc:2)
  Sonja (Orc:2)
  3 spriggans
  2 sun demons (Abyss:3)
  7 skeletal warriors
  2 spriggan druids
  3 goliath frogs
  4 swamp dragons
  An orb spider (Lair:3)
  A phantasmal warrior (D:15)
  4 bog bodies
  7 orc knights
  2 deep elf pyromancers
  3 anaconda skeletons (Volcano)
  A wolf spider (Lair:5)
  6 cyclopes
  22 ugly things
  7 orc sorcerers
  2 will-o-the-wisps
  3 manticores
  3 oklob plants (Lair:4)
  Maurice (D:13)
  A guardian serpent (Lair:5)
  7 black mambas
  15 elephants
  An apocalypse crab (Abyss:3)
  A water nymph (shapeshifter) (D:13)
  A smoke demon (Abyss:3)
  6 gargoyles
  5 kobold demonologists
  11 cane toads
  Psyche (D:8)
  2 unseen horrors (D:11)
  14 komodo dragons
  An efreet (D:15)
  6 yaktaurs
  10 rime drakes
  5 freezing wraiths
  4 tengu conjurers
  2 ancient zymes (Abyss:3)
  4 bloated husks
  4 meliai
  A polar bear (Lair:5)
  A queen bee (shapeshifter) (D:13)
  8 hornets
  14 trolls
  12 slime creatures
  5 raiju (Abyss:3)
  9 tyrant leeches
  A tarantella (shapeshifter) (D:15)
  Prince Ribbit (D:5)
  11 blink frogs (Lair:5)
  6 dream sheep (Lair:5)
  A raiju (shapeshifter) (D:13)
  5 small abominations (Abyss:3)
  3 flying skulls (Volcano)
  2 large abominations (Abyss:3)
  A starcursed mass (Abyss:3)
  A ynoxinul (Abyss:3)
  A shadow (D:13)
  An alligator skeleton (Volcano)
  21 wyverns
  2 vampires
  Eustachio (D:5)
  9 wraiths
  6 basilisks
  2 redbacks (Lair:5)
  46 yaks
  A yak (shapeshifter) (D:14)
  10 vampire mosquitoes
  5 steam dragons
  A chaos spawn (Abyss:3)
  16 swamp worms
  2 acid dragons (Lair:5)
  5 wargs (Orc:2)
  23 water moccasins
  6 swamp drakes
  53 orc warriors
  An ice beast (D:8)
  5 black bears
  12 ogres
  18 wolves
  8 centaurs
  2 phantoms (D:5)
  9 kobold brigands
  2 gnoll sergeants
  A necrophage (D:5)
  9 bullfrogs
  6 scorpions
  A wight (D:10)
  2 spriggan skeletons (Volcano)
  11 howler monkeys
  3 troll skeletons (Volcano)
  4 electric eels (D:10)
  A quasit (Abyss:3)
  26 orc priests
  2 hounds
  3 jellies
  5 iguanas
  32 orc wizards
  2 naga skeletons (Volcano)
  19 gnolls
  2 adders (D:3)
  A shadow imp (D:5)
  A white imp (D:5)
  2 worms
  A dart slug (D:3)
  121 orcs
  8 ball pythons
  7 endoplasms
  4 goblins
  4 hobgoblins
  29 kobolds
  4 quokkas
  3 bats
  A frilled lizard (D:2)
  8 rats
930 creatures vanquished.

Vanquished Creatures (collateral kills)
  Louise (D:15)
  An orc sorcerer (Orc:2)
  4 orc warriors (Orc:2)
  2 orcs (Orc:2)
8 creatures vanquished.

Vanquished Creatures (others)
  A bloated husk (Swamp:3)
  A hornet (Swamp:1)
  An orc (D:15)
  2 bushes (Lair:5)
  10 foxfires
  45 fungi
  98 plants
158 creatures vanquished.

Grand Total: 1096 creatures vanquished

Notes
Turn   | Place    | Note
-------+----------+-------------------------------------------
     0 | D:1      | quixfox the Gargoyle Earth Elementalist began the quest for
                  | the Orb.
     0 | D:1      | Reached XP level 1. HP: 10/10 MP: 3/3
   154 | D:1      | Reached XP level 2. HP: 13/15 MP: 0/5
   225 | D:1      | Reached skill level 4 in Earth Magic
   304 | D:1      | Found Byocuori's Antique Armour Boutique.
   964 | D:2      | Reached XP level 3. HP: 19/19 MP: 4/6
   967 | D:2      | Learned a level 2 spell: Passwall
   971 | D:2      | Learned a level 3 spell: Stone Arrow
  1684 | D:3      | Reached skill level 1 in Conjurations
  1934 | D:3      | Found Zoelesko's Assorted Antiques.
  1949 | D:3      | Bought a scroll labelled JOTTUF QYADD for 28 gold pieces
  1949 | D:3      | Bought a scroll labelled JOTTUF QYADD for 28 gold pieces
  1949 | D:3      | Bought a granite ring for 140 gold pieces
  1949 | D:3      | Bought a scroll labelled DICVAOG GIHIAN for 28 gold pieces
  1949 | D:3      | Bought a scroll labelled JOTTUF QYADD for 28 gold pieces
  1959 | D:3      | Reached XP level 4. HP: 24/24 MP: 5/8
  2523 | D:3      | Reached skill level 5 in Earth Magic
  2523 | D:3      | Reached XP level 5. HP: 24/28 MP: 4/9
  2695 | D:3      | Found a hazy altar of Hepliaklqana.
  2758 | D:4      | Found a bloodstained altar of Trog.
  2829 | D:4      | Found an ancient bone altar of Kikubaaqudgha.
  2899 | D:4      | Noticed an ogre
  2922 | D:4      | Noticed porpoise's ghost (weakling DsDe)
  2937 | D:4      | Killed an ogre
  2938 | D:4      | Reached XP level 6. HP: 32/32 MP: 4/11
  3168 | D:4      | Found a runed translucent door.
  3169 | D:4      | Noticed Crazy Yiuf
  3346 | D:4      | Found a transporter.
  3350 | D:4      | Found a transporter.
  3586 | D:4      | Found an ornate altar of the Wu Jian Council.
  3700 | D:4      | Found a radiant altar of Vehumet.
  3713 | D:4      | Became a worshipper of Vehumet
  3999 | D:5      | Entered Level 5 of the Dungeon
  4080 | D:5      | Reached skill level 6 in Earth Magic
  4126 | D:5      | Reached XP level 7. HP: 33/36 MP: 0/13
  4151 | D:5      | Noticed Prince Ribbit
  4607 | D:5      | Killed Prince Ribbit
  4842 | D:4      | Reached skill level 7 in Earth Magic
  4850 | D:4      | Learned a level 4 spell: Sticky Flame
  4965 | D:5      | Reached skill level 5 in Spellcasting
  4965 | D:5      | Reached skill level 5 in Conjurations
  4965 | D:5      | Reached XP level 8. HP: 41/41 MP: 8/15
  4994 | D:5      | Reached skill level 1 in Fire Magic
  5308 | D:5      | Noticed a yak
  5308 | D:5      | Noticed a yak
  5308 | D:5      | Noticed a yak
  5331 | D:5      | Killed a yak
  5332 | D:5      | Noticed a yak
  5335 | D:5      | Killed a yak
  5436 | D:4      | Killed a yak
  5437 | D:4      | Reached skill level 8 in Earth Magic
  5613 | D:4      | Killed a yak
  5614 | D:4      | Reached XP level 9. HP: 41/45 MP: 4/17
  6175 | D:6      | Noticed Eustachio
  6178 | D:6      | Reached skill level 1 in Fighting
  6185 | D:5      | Reached skill level 1 in Staves
  6185 | D:5      | Reached skill level 1 in Armour
  6185 | D:5      | Reached skill level 1 in Evocations
  6277 | D:5      | Killed Eustachio
  6388 | D:6      | Found Axau's Specific Store.
  6391 | D:6      | Found Zamoij's General Store.
  6408 | D:6      | Reached * piety under Vehumet
  6408 | D:6      | Offered knowledge of Foxfire by Vehumet.
  6412 | D:6      | Found a staircase to the Ecumenical Temple.
  6879 | D:6      | Found Fat-Frumos's Dragon-Slaying Spoils.
  7261 | D:7      | Found a shimmering altar of Xom.
  7605 | D:7      | Reached skill level 1 in Shields
  7788 | D:7      | Found a blossoming altar of Fedhas.
  8113 | D:8      | Noticed a two-headed ogre
  8167 | D:8      | Killed a two-headed ogre
  8168 | D:8      | Reached skill level 9 in Earth Magic
  8168 | D:8      | Reached XP level 10. HP: 56/56 MP: 10/19
  8295 | D:8      | Noticed Psyche
  8299 | D:8      | Killed Psyche
  9137 | D:8      | Reached skill level 5 in Fire Magic
  9273 | D:9      | Noticed a two-headed ogre
 10020 | D:9      | Found a hide-covered altar of Uskayaw.
 10036 | D:9      | Killed a two-headed ogre
 10036 | D:9      | Offered knowledge of Poisonous Vapours by Vehumet.
 10077 | D:9      | Reached ** piety under Vehumet
 10078 | D:9      | Reached XP level 11. HP: 62/62 MP: 10/21
 10781 | D:9      | Reached skill level 10 in Earth Magic
 11306 | D:9      | Got the Omnibus of Battle Magic
 11316 | D:9      | Learned a level 8 spell: Lehudib's Crystal Spear
 11358 | D:10     | Entered Level 10 of the Dungeon
 11358 | D:10     | Found a large runed translucent door.
 11358 | D:10     | Found a large runed translucent door.
 11546 | D:10     | Noticed an eight-headed hydra
 11561 | D:10     | Identified a scroll of acquirement
 11561 | D:10     | Acquired 841 gold pieces
 11920 | D:10     | Reached skill level 5 in Fighting
 12158 | D:10     | Found a large runed translucent door.
 12158 | D:10     | Found a large runed translucent door.
 12591 | D:10     | Offered knowledge of Static Discharge by Vehumet.
 13248 | D:10     | Reached *** piety under Vehumet
 13283 | D:10     | Noticed an orc knight
 13295 | D:10     | Killed an orc knight
 13460 | D:10     | Learned a level 6 spell: Iron Shot
 13825 | D:10     | Found a staircase to the Orcish Mines.
 14005 | D:11     | Noticed an eight-headed hydra
 14008 | D:11     | Noticed a red ugly thing
 14013 | D:11     | Killed an eight-headed hydra
 14014 | D:11     | Reached XP level 12. HP: 55/69 MP: 8/23
 14250 | D:11     | Reached skill level 5 in Evocations
 14512 | D:11     | Noticed a two-headed ogre
 14633 | D:10     | Offered knowledge of Olgreb's Toxic Radiance by Vehumet.
 14675 | D:11     | Killed a two-headed ogre
 14768 | D:11     | Reached skill level 11 in Earth Magic
 15261 | D:11     | Reached skill level 5 in Armour
 15269 | D:11     | Reached **** piety under Vehumet
 15537 | D:11     | Noticed a two-headed ogre
 15543 | D:11     | Killed a two-headed ogre
 15611 | D:11     | Found a staircase to the Lair.
 15619 | D:11     | Noticed a two-headed ogre
 15629 | D:11     | Killed a two-headed ogre
 15629 | D:11     | Offered knowledge of Fulminant Prism by Vehumet.
 15731 | D:11     | Noticed a two-headed ogre
 15735 | D:11     | Killed a two-headed ogre
 16073 | D:11     | Noticed a boulder beetle
 16140 | D:11     | Killed a boulder beetle
 16308 | D:11     | Reached XP level 13. HP: 76/76 MP: 18/25
 16380 | D:11     | Identified the ring "Hiasseis" {Str+4 Dex+6}
 16446 | D:11     | Identified the ring "Usoibb" {Fly rElec Str+3 Dex+2}
 16462 | D:11     | Reached skill level 5 in Shields
 16462 | D:11     | Reached skill level 10 in Conjurations
 16750 | D:11     | Identified the +9 war axe "Beastbane" {spect, Drain rF- rC+
                  | rN++}
 17205 | D:11     | Reached skill level 12 in Earth Magic
 17383 | Lair:1   | Entered Level 1 of the Lair of Beasts
 19191 | Lair:2   | Noticed Erica
 19195 | Lair:2   | Killed Erica
 19302 | Lair:2   | Found a large runed translucent door.
 19302 | Lair:2   | Found a large runed translucent door.
 19306 | Lair:2   | Noticed Heh's ghost (journeyman MiGl)
 19521 | Lair:2   | Reached ***** piety under Vehumet
 19781 | Lair:2   | Offered knowledge of Flame Wave by Vehumet.
 21241 | Lair:3   | Found a hole to the Spider Nest.
 21463 | Lair:3   | Gained mutation: Your large and strong wings let you fly.
                  | [Gargoyle growth]
 21463 | Lair:3   | Reached XP level 14. HP: 84/84 MP: 15/27
 21534 | Lair:3   | Found a staircase to the Swamp.
 22029 | Lair:4   | You are sucked into a shaft and drop 1 floor!
 22029 | Lair:5   | Entered Level 5 of the Lair of Beasts
 22040 | Lair:5   | Found a dark tunnel.
 22094 | Volcano  | Entered a volcano
 23430 | Lair:5   | Reached skill level 13 in Earth Magic
 24421 | Lair:5   | Reached skill level 10 in Spellcasting
 26103 | Lair:4   | Reached XP level 15. HP: 92/92 MP: 24/29
 26775 | Lair:4   | Found a staircase to the Slime Pits.
 27031 | Lair:5   | Offered knowledge of Lee's Rapid Deconstruction by Vehumet.
 27075 | Lair:5   | Learned a level 5 spell: Lee's Rapid Deconstruction
 27265 | Lair:5   | Reached skill level 10 in Fire Magic
 27774 | Lair:5   | Reached skill level 10 in Fighting
 27933 | Lair:5   | Identified the +3 trident "Paalouri" {vamp, Drain rC+ Will+
                  | Dex+4 SInv}
 28565 | Orc:1    | Entered Level 1 of the Orcish Mines
 28565 | Orc:1    | Noticed Snorg
 28565 | Orc:1    | You are sucked into a shaft and drop 1 floor!
 28565 | Orc:2    | Entered Level 2 of the Orcish Mines
 28707 | Orc:2    | Found a staircase to the Elven Halls.
 28735 | Orc:2    | Noticed an orc warlord
 28748 | Orc:2    | Killed an orc warlord
 28750 | Orc:2    | Reached skill level 5 in Staves
 28751 | Orc:2    | Paralysed by an orc sorcerer for 3 turns
 28952 | Orc:2    | Noticed Sonja
 28977 | Orc:2    | Killed Sonja
 29918 | Orc:1    | Noticed an orc warlord
 29922 | Orc:1    | Killed an orc warlord
 29928 | Orc:1    | Offered knowledge of Conjure Ball Lightning by Vehumet.
 30653 | Orc:1    | Killed Snorg
 30654 | Orc:1    | Reached skill level 14 in Earth Magic
 31284 | Orc:2    | Found Soenug's Antique Armour Boutique.
 32583 | Orc:2    | Noticed an orc warlord
 32597 | Orc:2    | Killed an orc warlord
 32912 | Orc:2    | Offered knowledge of Eringya's Noxious Bog by Vehumet.
 32918 | Orc:2    | Found Diydeig's Book Shoppe.
 32923 | Orc:2    | Bought a book of Unlife for 360 gold pieces
 32929 | Orc:2    | Learned a level 5 spell: Borgnjor's Vile Clutch
 33097 | Orc:2    | Noticed an orc warlord
 33131 | Orc:2    | Killed an orc warlord
 33534 | Orc:2    | Found Atouf's Antique Armour Shop.
 33539 | Orc:2    | Found Ozatam's Antique Weapon Boutique.
 33554 | Orc:2    | Bought a runed buckler for 202 gold pieces
 33554 | Orc:2    | Bought a pair of runed gloves for 202 gold pieces
 34395 | D:12     | Reached XP level 16. HP: 96/99 MP: 15/30
 34735 | D:12     | Found a runed translucent door.
 34735 | D:12     | Noticed IndoAryan's ghost (journeyman HuBe)
 35547 | D:13     | Noticed Frances
 35548 | D:13     | You are sucked into a shaft and drop 1 floor!
 35902 | D:13     | Killed Frances
 35903 | D:13     | Reached skill level 10 in Armour
 35972 | D:13     | Noticed Maurice
 35976 | D:13     | Killed Maurice
 36242 | D:13     | Reached skill level 1 in Necromancy
 36384 | D:13     | Found a gate to the Vaults.
 36797 | D:14     | Offered knowledge of Irradiate by Vehumet.
 36798 | D:14     | Noticed Josephine
 36802 | D:14     | Killed Josephine
 37526 | D:14     | Noticed Jorgrun
 37789 | D:14     | Found a broken altar of Ashenzari.
 38159 | D:14     | Killed Jorgrun
 38354 | D:15     | Entered Level 15 of the Dungeon
 38826 | D:15     | Noticed Agnes
 38831 | D:15     | Killed Agnes
 38832 | D:15     | Reached skill level 15 in Earth Magic
 39495 | D:15     | Found a staircase to the Depths.
 39877 | D:15     | Found a blossoming altar of Fedhas.
 40062 | D:15     | Noticed Louise
 41105 | Abyss:3  | Cast into level 3 of the Abyss (Louise)
 41221 | Abyss:3  | Reached XP level 17. HP: 106/106 MP: 12/32
 41478 | Abyss:3  | Found a corrupted altar of Lugonu.
 41898 | Abyss:3  | Noticed an ancient lich
 41909 | Abyss:3  | Killed an ancient lich
 41992 | Abyss:3  | Noticed a tentacled starspawn
 42033 | D:15     | Escaped the Abyss
 42177 | D:15     | Killed Louise
 42417 | D:6      | Bought +1 pearl dragon scales for 1468 gold pieces
 42650 | Swamp:1  | Entered Level 1 of the Swamp
 42886 | Swamp:1  | Reached ****** piety under Vehumet
 44345 | Swamp:2  | Reached skill level 16 in Earth Magic
 44770 | Swamp:2  | Offered knowledge of Lightning Bolt by Vehumet.
 45501 | Swamp:3  | Noticed a tentacled monstrosity
 45507 | Swamp:3  | Killed a tentacled monstrosity
 46507 | Swamp:4  | Entered Level 4 of the Swamp
 46583 | Swamp:4  | Noticed Aizul
 46583 | Swamp:4  | Found a frozen archway.
 46585 | Swamp:4  | HP: 5/108 [deep troll simulacrum (27)]
 46585 | Swamp:4  | Slain by a deep troll simulacrum

Illustrated notes

Levels and vault maps discovered:
D:1:      denvon_arrival_planthouse, layout_rooms, serial_shops, shop_coins
D:2:      layout_basic, minmay_3d_cube
D:3:      layout_loops_ring, nzn_hepliaklqana_mist_gate, serial_shops,
          nicolae_shop_hallway_plus
D:4:      layout_rooms, mainiacjoe_overflow_six_doors_small,
          nicolae_overflow_crystal_walls, mainiacjoe_overflow_two_lobes,
          gammafunk_ghost_gnarly_gnolls, uniq_crazy_yiuf_cottage
D:5:      layout_cave_pools, minmay_misc_feat_x, minivault_14,
          minmay_starry_boxes, uniq_prince_ribbit1
D:6:      layout_rooms, minmay_temple_entry_sparse_star,
          hellmonk_bongcloud_opening, nicolae_specific_store,
          nicolae_shop_dragon_depot, uniq_eustachio
D:7:      layout_loops_ring, mainiacjoe_overflow_cross_hatched,
          mainiacjoe_overflow_paths
D:8:      layout_rooms, serial_aquarium, aquarium_bridge_island_small
          [aquarium_subvault_small_open, aquarium_subvault_wall,
          aquarium_subvault_bridge, aquarium_subvault_window,
          aquarium_subvault_balcony], aquarium_window_2, aquarium_window_fake,
          aquarium_view_2c, uniq_psyche
D:9:      layout_loops_ring, mainiacjoe_overflow_boulevard, minmay_misc_feat_chi
D:10:     layout_cave_pools, erik_orc_2, minmay_hollow_rounded_squares
D:11:     minmay_the_grid_triangle_9x9_rhombus_full_mashed
          [minmay_the_grid_triangle_9x9_empty,
          minmay_the_grid_triangle_9x9_zippers_vertical,
          minmay_the_grid_triangle_9x9_wacky_v,
          minmay_the_grid_triangle_9x9_thin_v,
          minmay_the_grid_triangle_9x9_skeleton,
          minmay_the_grid_triangle_9x9_dagger,
          minmay_the_grid_triangle_9x9_flanged_cone,
          minmay_the_grid_triangle_9x9_prize_center], layout_cave_pools,
          minmay_lair_entry_grove
D:12:     layout_loops_ring, hellmonk_ghost_happy_afterlife
D:13:     layout_irregular_city, david_vaults_4, uniq_maurice, uniq_frances
D:14:     layout_rooms, minmay_crystal_room, grunt_decor_mini_mirrors,
          evilmike_ruin_ashenzari, uniq_jorgrun, uniq_josephine
D:15:     grunt_enter_depths_hoard, layout_irregular_city, fedhas_altar_3,
          uniq_agnes, uniq_louise
Lair:1:   layout_cave_pods, grunt_megastairs_3
Lair:2:   layout_cave_pods, ebering_ghost_disaster_area,
          infiniplex_staircase_pool_2, serial_bayou_shore_b, uniq_erica
Lair:3:   layout_regular_city, palyth_hydra_swamp_entry,
          nicolae_spider_entry_orb_guardian
Lair:4:   layout_gridlike, minmay_slime_entry_oklob_enclosed
Lair:5:   hangedman_lair_tendril_chambers, layout_regular_city,
          guppyfry_lair_end_dragon, nicolae_volcano_entry_hallway
Swamp:1:  layout_falls_marsh, nicolae_swamp_big_swirl
Swamp:2:  layout_basic_swamp, evilmike_swamp_ruin_house_3, swamp_pool5
Swamp:3:  layout_basic_swamp, evilmike_swamp_ruin_rubble_2, swamp_pool5
Swamp:4:  swamp, layout_basic_swamp, portal_ice_cave_entry_ice_simulacra,
          uniq_aizul
Orc:1:    layout_caves, mines4_lemuel, uniq_snorg
Orc:2:    grunt_orc_community_town_hall, layout_caves,
          grunt_orc_community_big_house_2, grunt_orc_community_big_house_2,
          grunt_orc_community_house_1, grunt_orc_community_house_3,
          grunt_orc_community_house_3, grunt_orc_community_house_3,
          grunt_orc_community_house_1, grunt_orc_community_house_1,
          library_closet, uniq_sonja

Skill      XL: |  1  2  3  4  5  6  7  8  9 10 11 12 13 14 15 16 17 |
---------------+----------------------------------------------------+-----
Earth Magic    | 4 5 6 7 8 9 10 11 12 13 14 15 16 | 16.3
Conjurations   | 1 2 3 4 5 6 7 8 9 10 11 12 13 14 | 14.5
Spellcasting   | 3 4 5 6 7 8 9 10 11 12 | 12.2
Fire Magic     | 3 4 5 6 7 8 9 10 | 10.5
Fighting       | 3 4 5 7 8 9 10 12 13 | 13.0
Staves         | 2 3 4 6 |  6.3
Armour         | 1 3 5 7 8 9 11 12 | 12.8
Evocations     | 2 3 4 5 |  5.6
Shields        | 2 3 4 6 8 |  8.0
Dodging        | 2 |  2.0
Necromancy     | 2 |  2.0
Stealth        | |  2.1
Transmutations | |  0.7

Action                   |  1- 3 |  4- 6 |  7- 9 | 10-12 | 13-15 | 16-18 || total
-------------------------+-------+-------+-------+-------+-------+-------++-------
Melee: Staff             |       |     4 |     5 |    96 |   683 |   282 ||  1070
 Cast: Sandblast         |    45 |    30 |     7 |    24 |    45 |    25 ||   176
       Stone Arrow       |       |    25 |   111 |   326 |     6 |       ||   468
       Iron Shot         |       |       |       |       |   465 |   360 ||   825
       Borgnjor's Vile C |       |       |       |       |       |     4 ||     4
       Sticky Flame      |       |       |       |       |       |     1 ||     1
Evoke: Wand              |       |       |       |     6 |     2 |     2 ||    10
       Box of beasts     |       |       |       |       |     1 |     1 ||     2
  Use: Scroll            |     1 |       |    17 |     9 |    13 |     8 ||    48
       Potion            |       |     1 |       |       |     4 |       ||     5
 Stab: Paralysed         |       |       |       |    11 |     4 |       ||    15
Armor: Robe              |     7 |    12 |    22 |   128 |       |       ||   169
       Troll leather arm |       |       |       |    49 |   415 |   248 ||   712
       Pearl dragon scal |       |       |       |       |       |   100 ||   100
Dodge: Dodged            |    17 |    18 |    41 |   146 |   311 |   175 ||   708
Block: Buckler           |       |       |       |    76 |   444 |   249 ||   769
       Reflection        |       |       |       |     7 |    10 |    11 ||    28

Table legend: (Time is in decaauts)
 A = Elapsed time spent in this place.
 B = Non-inter-level travel time spent in this place.
 C = Inter-level travel time spent in this place.
 D = Time resting spent in this place.
 E = Time spent auto-exploring this place.
 F = Levels seen in this place.
 G = Mean time per level.
                   A        B        C        D        E       F      G
               +--------+--------+--------+--------+--------+-----+--------+
         Total |  46812 |  45221 |   1591 |  13230 |  23097 |  28 | 1671.9 |
       Dungeon |  24980 |  24036 |    944 |   7763 |  11890 |  15 | 1665.3 |
          Lair |  10156 |   9720 |    436 |   1302 |   7165 |   5 | 2031.2 |
         Swamp |   3950 |   3816 |    134 |    704 |   2674 |   4 |  987.5 |
  Orcish Mines |   5732 |   5655 |     77 |   2238 |   1367 |   2 | 2866.0 |
         Abyss |    920 |    920 |      0 |    672 |      0 |   1 |  920.0 |
       Volcano |   1073 |   1073 |      0 |    550 |      0 |   1 | 1073.0 |
               +--------+--------+--------+--------+--------+-----+--------+

Top non-repeatable levels by time:
   Orc:2: 4673 daAuts
  Lair:5: 3698 daAuts
    D:11: 3029 daAuts
    D:10: 2846 daAuts
    D:14: 2522 daAuts
     D:8: 2459 daAuts
     D:4: 2201 daAuts
    D:15: 2126 daAuts
  Lair:3: 1774 daAuts
  Lair:2: 1634 daAuts
  Lair:1: 1590 daAuts
     D:5: 1559 daAuts
    D:13: 1546 daAuts
 Swamp:3: 1470 daAuts
  Lair:4: 1458 daAuts
